 Dungeon Crawl Stone Soup version 0.27-a0-1529-g1e82c303ef (webtiles) character file.

Game seed: 16618169338954364925

86832 Morbidden the Zephyrmancer (level 15, -10/122 (126) HPs)
             Began as a Demigod Air Elementalist on July 12, 2021.
             Killed by divine providence
             ... invoked by a smoke demon
             ... summoned by an orc high priest
              (11 damage)
             ... on level 2 of the Orcish Mines.
             The game lasted 00:50:57 (29712 turns).

Morbidden the Zephyrmancer (DgAE)                  Turns: 29712, Time: 00:50:57

HP:   -10/122 (126) AC: 12    Str: 21    XL:     15   Next: 2%
MP:   30/35         EV: 17    Int: 28    God:
Gold: 2154          SH:  0    Dex: 20    Spells: 18/36 levels left

rFire    . . .     SeeInvis .   b - +7 pair of quick blades "Gyre" and "Gimble" {protect}
rCold    . . .     Faith    .   (shield currently unavailable)
rNeg     . . .     Spirit   .   C - +4 troll leather armour {Snorg}
rPois    .         Reflect  .   m - +2 helmet {Int+3}
rElec    .         Harm     .   (no cloak)
rCorr    .         Rampage  .   (no gloves)
Will     +....                  r - +0 pair of boots
Stlth    +++.......             U - amulet of magic regeneration
HPRegen  1.30/turn              x - +6 ring of dexterity
MPRegen  0.49/turn              W - +4 ring of slaying

@: studying Short Blades, lightly drained
A: high mp 1, forlorn
a: no special abilities


You were on level 2 of the Orcish Mines.
You visited 3 branches of the dungeon, and saw 23 of its levels.

You collected 2154 gold pieces.

Inventory:

Hand Weapons
 a - a +3 dagger of venom
 b - the +7 pair of quick blades "Gyre" and "Gimble" (weapon) {protect}
   (You found it on level 8 of the Dungeon)

   It grants its wielder temporary protection when it strikes (+7 to AC).
Missiles
 c - 5 silver boomerangs
 l - 74 poisoned darts
 u - a throwing net
 F - 10 curare-tipped darts (quivered)
 N - 8 atropa-tipped darts
Armour
 m - a +2 helmet of intelligence (worn)
 n - a +2 scale mail of positive energy
 r - a +0 pair of boots (worn)
 C - a +4 troll leather armour (worn) {Snorg}
Jewellery
 e - a ring of ice
 k - a +6 ring of dexterity
 s - a ring of protection from fire
 t - an amulet of reflection
 x - a +6 ring of dexterity (left hand)
 A - an amulet of guardian spirit
 M - a ring of wizardry
 Q - a ring of see invisible
 U - an amulet of magic regeneration (around neck)
 W - a +4 ring of slaying (right hand)
Wands
 G - a wand of iceblast (2)
 K - a wand of flame (60)
 O - a wand of charming (18)
 T - a wand of paralysis (16)
 V - a wand of mindburst (12)
Scrolls
 d - a scroll of summoning
 f - a scroll of fear
 i - a scroll of vulnerability
 o - 18 scrolls of identify
 p - 4 scrolls of noise
 q - 2 scrolls of enchant weapon
 y - 3 scrolls of teleportation
 B - 2 scrolls of immolation
 J - 2 scrolls of amnesia
 R - 3 scrolls of fog
Potions
 g - 5 potions of curing {unknown}
 h - 2 potions of mutation {unknown}
 j - a potion of heal wounds
 v - 3 potions of cancellation
 w - 5 potions of degeneration {unknown}
 z - 2 potions of ambrosia {unknown}
 D - 4 potions of magic {unknown}
 E - 5 potions of haste {unknown}
 H - 4 potions of brilliance
 I - 2 potions of lignification
 L - 8 potions of might {unknown}
 P - 2 potions of flight
 X - 2 potions of berserk rage
Miscellaneous
 S - a box of beasts (inert)


   Skills:
 * Level 9.7 Fighting
 + Level 10.1 Short Blades
 + Level 0.1 Maces & Flails
 + Level 1.9 Throwing
 + Level 3.2 Armour
 * Level 8.5 Dodging
 + Level 4.4 Stealth
 + Level 2.5 Shields
 * Level 0.8 Unarmed Combat
 + Level 11.2 Spellcasting
 + Level 4.5 Conjurations
 * Level 7.9 Transmutations
 * Level 12.3 Air Magic
 + Level 5.7 Poison Magic
 + Level 0.9 Evocations


You had 18 spell levels left.
You knew the following spells:

 Your Spells              Type           Power      Damage    Failure   Level
a - Airstrike             Air            35%        N/A       1%          4
b - Static Discharge      Conj/Air       58%        N/A       1%          2
c - Olgreb's Toxic Radia  Pois           48%        N/A       3%          4
d - Storm Form            Tmut/Air       32%        N/A       47%         7
e - Shock                 Conj/Air       100%       1d9       1%          1

Your spell library contained the following spells:

 Spells                   Type           Power      Damage    Failure   Level
 Magic Dart               Conj           100%       1d8       1%          1
 Sting                    Tmut/Pois      100%       1d8       1%          1
 Corpse Rot               Necr/Air       N/A        N/A       1%          2
 Poisonous Vapours        Pois/Air       100%       N/A       1%          2
 Ignite Poison            Fire/Tmut/Pois 41%        N/A       1%          3
 Mephitic Cloud           Conj/Pois/Air  55%        N/A       1%          3
 Swiftness                Air            71%        N/A       1%          3
 Corona                   Hex            16%        N/A       4%          1
 Conjure Flame            Conj/Fire      28%        6-21      4%          3
 Blade Hands              Tmut           28%        N/A       4%          5
 Blink                    Tloc           N/A        N/A       6%          2
 Call Imp                 Summ           15%        N/A       6%          2
 Ensorcelled Hibernation  Hex/Ice        30%        N/A       6%          2
 Slow                     Hex            15%        N/A       6%          2
 Petrify                  Tmut/Erth      37%        N/A       8%          4
 Call Canine Familiar     Summ           15%        N/A       12%         3
 Confusing Touch          Hex            15%        N/A       12%         3
 Gell's Gravitas          Tloc           7%         N/A       12%         3
 Lesser Beckoning         Tloc           7%         N/A       12%         3
 Ozocubu's Armour         Ice            15%        N/A       12%         3
 Portal Projectile        Hex/Tloc       30%        N/A       12%         3
 Tukima's Dance           Hex            15%        N/A       12%         3
 Vampiric Draining        Necr           7%         2d7       12%         3
 Sticky Flame             Conj/Fire      28%        2d5       16%         4
 Yara's Violent Unravell  Hex/Tmut       18%        3d9       22%         5
 Dispel Undead            Necr           15%        3d10      38%         4
 Leda's Liquefaction      Hex/Erth       7%         N/A       38%         4
 Excruciating Wounds      Necr           7%         N/A       75%         5
 Lee's Rapid Deconstruct  Erth           7%         3d8*      75%         5
 Manifold Assault         Tloc           15%        N/A       75%         5
 Metabolic Englaciation   Hex/Ice        7%         N/A       75%         5
 Death Channel            Necr           7%         N/A       99%         6
 Simulacrum               Ice/Necr       7%         N/A       99%         6


Dungeon Overview and Level Annotations

Branches:
Dungeon (15/15)            Temple (0/1) D:7            Lair (6/6) D:10
 Shoals (0/4) Lair:2       Spider (0/4) Lair:3        Slime (0/5) Lair:5
    Orc (2/2) D:12         Vaults (0/5) D:13         Depths (0/5) D:15
    Elf: Orc:2

Shops:
D:1 *?([*   D:6 (   D:9 :

Annotations:
D:3 Grinder
D:10 2 transporters, confidenceinterval's ghost, novice DECj
Lair:6 2 runed translucent doors


Innate Abilities, Weirdness & Mutations

Your attributes grow dramatically as you level up.
You have an increased reservoir of magic. (+10% MP)
You shall have no god before yourself.


Message History

You feel a bit more experienced.
You can move again.
Unknown command.
Casting: Olgreb's Toxic Radiance (mildly dangerous; 3% risk of failure)
Confirm with . or Enter, or press ? or * to list all spells.
The orc sorcerer is struck by an arc of lightning!
The orc sorcerer is severely wounded.
The orange demon is struck by an arc of lightning.
The orange demon is lightly wounded.
The orc knight is struck by an arc of lightning.
The orc knight is moderately wounded.
The orc warrior is struck by an arc of lightning.
The orc warrior is almost dead.
The orc knight is struck by an arc of lightning!
The orc knight is moderately wounded.
The lightning grounds out.
The orc high priest is struck by an arc of lightning!
The orc high priest is heavily wounded.
The orc knight is struck by an arc of lightning.
The orc knight is heavily wounded.
You are struck by an arc of lightning.
* * * LOW HITPOINT WARNING * * *
The orc high priest is struck by an arc of lightning.
The orc high priest is heavily wounded.
The lightning grounds out.
The orc high priest mumbles some strange prayers to Beogh against you.
You resist with some effort.
The orc warrior hits you with a +0 hand axe!
* * * LOW HITPOINT WARNING * * *
The orc knight hits you with a +0 battleaxe!
* * * LOW HITPOINT WARNING * * *
The orc sorcerer closely misses you. The orange demon barely misses you.
The orc high priest hits you with a +0 scimitar.
* * * LOW HITPOINT WARNING * * *
The orc warrior completely misses you. The orc knight misses you.
The orc sorcerer gestures at you while chanting.
The bolt of negative energy misses you. The orange demon barely misses you.
The smoke demon gestures at you. Beogh smites you!
You die...

#..............#......
...............#......#
...........#..#.#......#
#.##......#.............
..........#.....#.......
.....#...#.......#.....
....#...........#......
...[[).........).#.#
.#.).[.#.......o@3#
...[[[....#####ooo.#
.#...)...## ...4.##
.....#)..# ###....# o#
.........## #.....#
#.##.. ..........#
##....## ....#$
..........# ##....#
#.....# ..........#
#....###...o..###
..........##
##.....#......o#)#


You could see an orc knight (poisoned), an orc high priest (strong, very
poisoned), an orange demon (summoned, poisoned), a smoke demon (summoned), an
orc sorcerer (strong, very poisoned) and an orc warrior (strong, very poisoned).

Vanquished Creatures
  Rupert (D:13)
  Jorgrun (D:13)
  Frances (D:13)
  Snorg (Lair:3)
  An ettin (D:15)
  7 hydras
  4 boulder beetles
  A catoblepas (Lair:6)
  6 two-headed ogres
  4 centaur warriors (D:13)
  2 death yaks (Lair:4)
  2 tengu warriors (D:15)
  Sonja (D:12)
  A fire crab (shapeshifter) (D:13)
  A fire crab (Lair:6)
  2 deep trolls (D:15)
  5 orc knights
  2 necromancers
  Pikel (D:4)
  2 orc sorcerers
  4 ugly things
  3 deep elf pyromancers
  A cyclops (D:14)
  2 manticores
  10 elephants
  9 black mambas
  2 molten gargoyles (Lair:6)
  3 gargoyles
  2 unseen horrors
  Maggie (D:10)
  2 torpor snails
  A kobold demonologist (D:10)
  9 cane toads
  4 rime drakes (Lair:6)
  3 yaktaurs (D:15)
  17 komodo dragons
  A tengu conjurer (D:15)
  5 trolls
  A hornet (D:9)
  25 blink frogs
  22 dream sheep
  13 slime creatures
  A spriggan (D:8)
  A shadow (D:12)
  3 wraiths
  4 wyverns
  A human (shapeshifter) (D:13)
  44 yaks
  A vampire (D:8)
  3 steam dragons
  9 basilisks
  3 vampire mosquitoes (D:11)
  A warg (Orc:1)
  Edmund (D:6)
  5 hell hounds
  8 water moccasins
  A sky beast (D:7)
  A hornet zombie (D:6)
  16 orc warriors
  An ice beast (D:6)
  3 black bears
  3 necrophages
  5 ogres
  2 phantoms
  A lemure (D:4)
  11 wolves
  16 centaurs
  12 bullfrogs
  4 kobold brigands
  A wyvern zombie (D:9)
  5 scorpions
  A wyvern skeleton (D:7)
  A water moccasin skeleton (D:7)
  7 killer bees
  2 howler monkeys
  5 lava snakes (Lair:6)
  3 electric eels
  10 centaur zombies
  3 centaur skeletons
  5 jellies
  3 bullfrog skeletons
  8 orc priests
  Terence (D:2)
  19 orc wizards
  4 hell rats (Lair:3)
  A killer bee zombie (D:9)
  2 hound skeletons (D:4)
  6 howler monkey zombies
  Robin (D:2)
  4 gnolls (D:6)
  4 adders
  3 shadow imps
  2 ufetubi
  An adder zombie (D:3)
  2 adder skeletons
  5 worms
  3 dart slugs
  75 orcs
  11 endoplasms
  3 giant cockroaches
  14 goblins
  8 hobgoblins
  11 jackals
  3 quokkas
  10 ball pythons
  8 bats
  2 frilled lizards
  22 kobolds
  A quokka skeleton (D:3)
  6 rats
633 creatures vanquished.

Vanquished Creatures (collateral kills)
  A hell hound (Orc:2)
  An orc warrior (Orc:2)
2 creatures vanquished.

Vanquished Creatures (others)
  An orc wizard (Orc:2)
  A rat (D:3)
  50 fungi
  58 plants
  A withered plant (D:3)
111 creatures vanquished.

Grand Total: 746 creatures vanquished

Notes
Turn   | Place    | Note
-------+----------+-------------------------------------------
     0 | D:1      | Morbidden the Demigod Air Elementalist began the quest for
                  | the Orb.
     0 | D:1      | Reached XP level 1. HP: 14/14 MP: 5/5
    70 | D:1      | Reached skill level 1 in Conjurations
   432 | D:1      | Found Urchiwoi's Magic Scroll Emporium.
   626 | D:1      | Reached XP level 2. HP: 18/20 MP: 4/7
   689 | D:1      | Reached skill level 3 in Air Magic
   911 | D:1      | Found Rivept's Antique Weapon Shop.
   917 | D:1      | Learned a level 2 spell: Static Discharge
  1068 | D:1      | Found Bomomm's Antique Armour Emporium.
  1106 | D:1      | You fall into a shaft and drop 1 floor!
  1355 | D:2      | Reached XP level 3. HP: 27/27 MP: 3/8
  1499 | D:1      | Found Qoan's Assorted Antiques.
  1994 | D:1      | Found Temoidy's Assorted Antiques.
  3416 | D:3      | Reached XP level 4. HP: 34/34 MP: 2/10
  3669 | D:3      | Reached skill level 1 in Fighting
  3797 | D:3      | Noticed Robin
  3937 | D:2      | Killed Robin
  3994 | D:2      | Reached skill level 4 in Air Magic
  4232 | D:3      | Noticed Terence
  4237 | D:3      | Noticed Grinder
  4242 | D:3      | Paralysed by Grinder for 4 turns
  4264 | D:2      | Killed Terence
  4265 | D:2      | Reached XP level 5. HP: 29/41 MP: 12/12
  4468 | D:2      | Learned a level 4 spell: Airstrike
  4993 | D:4      | Noticed Pikel
  5043 | D:4      | Killed Pikel
  5044 | D:4      | Reached XP level 6. HP: 8/50 MP: 7/14
  5044 | D:4      | Reached XP level 7. HP: 9/56 MP: 7/15
  5704 | D:4      | Identified the +5 mace "Heozeg" {flame, rCorr Str+2}
  6033 | D:4      | Reached skill level 5 in Air Magic
  6077 | D:4      | Reached skill level 1 in Throwing
  6259 | D:5      | Entered Level 5 of the Dungeon
  6259 | D:5      | Noticed a yak
  6274 | D:4      | Killed a yak
  6312 | D:5      | Noticed a yak
  6327 | D:5      | Killed a yak
  6383 | D:5      | Noticed a yak
  6383 | D:5      | Noticed a yak
  6443 | D:5      | Reached XP level 8. HP: 11/63 MP: 6/17
  7137 | D:5      | Reached skill level 6 in Air Magic
  7146 | D:5      | Reached skill level 5 in Spellcasting
  7148 | D:5      | Reached XP level 9. HP: 45/71 MP: 1/20
  7797 | D:5      | Learned a level 7 spell: Storm Form
  8332 | D:6      | Found Anoat's Weapon Emporium.
  9080 | D:6      | Noticed Edmund
  9084 | D:6      | Killed Edmund
  9284 | D:6      | Reached skill level 7 in Air Magic
  9641 | D:7      | Found a staircase to the Ecumenical Temple.
  9951 | D:7      | Reached skill level 1 in Transmutations
 10762 | D:8      | You fall into a shaft and drop 3 floors!
 11018 | D:11     | Noticed a komodo dragon
 11030 | D:11     | Noticed a komodo dragon
 11041 | D:11     | Killed a komodo dragon
 11301 | D:10     | Entered Level 10 of the Dungeon
 11400 | D:8      | Reached XP level 10. HP: 80/80 MP: 24/24
 12032 | D:8      | Noticed a two-headed ogre
 12032 | D:8      | Noticed a two-headed ogre
 12050 | D:8      | Killed a two-headed ogre
 12394 | D:8      | Reached skill level 8 in Air Magic
 12603 | D:8      | Killed a two-headed ogre
 12604 | D:8      | Reached skill level 5 in Short Blades
 12738 | D:8      | Found the +7 pair of quick blades "Gyre" and "Gimble"
                  | {protect}
 13517 | D:9      | Reached skill level 1 in Shields
 13863 | D:9      | Found Qeblity's Book Boutique.
 14225 | D:10     | Reached skill level 5 in Fighting
 14358 | D:10     | Reached XP level 11. HP: 86/86 MP: 10/27
 14361 | D:10     | Noticed a two-headed ogre
 14371 | D:10     | Killed a two-headed ogre
 14441 | D:10     | Noticed Maggie
 14458 | D:10     | Killed Maggie
 14627 | D:10     | Found a transporter.
 14645 | D:10     | Found a transporter.
 14649 | D:10     | Noticed confidenceinterval's ghost (novice DECj)
 14974 | D:10     | Found a staircase to the Lair.
 14982 | D:10     | Reached skill level 9 in Air Magic
 15357 | D:11     | Reached skill level 5 in Dodging
 15391 | D:11     | Reached skill level 1 in Armour
 15592 | D:11     | Noticed a boulder beetle
 15610 | D:11     | Killed a boulder beetle
 15825 | Lair:1   | Entered Level 1 of the Lair of Beasts
 16636 | Lair:2   | Noticed an eight-headed hydra
 16644 | Lair:2   | Killed an eight-headed hydra
 16814 | Lair:2   | Found a staircase to the Shoals.
 16935 | Lair:1   | Learned a level 4 spell: Olgreb's Toxic Radiance
 17132 | Lair:2   | Identified the +6 falchion "Qysaz" {chaos, +Rage rF+ Str-4}
 17169 | Lair:2   | Reached skill level 1 in Poison Magic
 17256 | Lair:2   | Reached XP level 12. HP: 97/97 MP: 29/29
 17812 | Lair:3   | Found a hole to the Spider Nest.
 18409 | Lair:3   | Identified a scroll of acquirement
 18409 | Lair:3   | Acquired 572 gold pieces
 18433 | Lair:3   | Reached skill level 5 in Transmutations
 18487 | Lair:3   | Noticed Snorg
 18508 | Lair:3   | Killed Snorg
 19360 | Lair:4   | Noticed a seven-headed hydra
 19373 | Lair:4   | Killed a seven-headed hydra
 19374 | Lair:4   | Reached skill level 10 in Air Magic
 19415 | Lair:4   | Noticed a boulder beetle
 19432 | Lair:4   | Killed a boulder beetle
 19721 | Lair:4   | Noticed a boulder beetle
 19739 | Lair:4   | Killed a boulder beetle
 19849 | Lair:4   | Got the Reference Book on Unstable Earth
 19897 | Lair:4   | Reached XP level 13. HP: 90/105 MP: 25/31
 20023 | Lair:4   | Reached skill level 10 in Spellcasting
 21351 | Lair:5   | Found a staircase to the Slime Pits.
 21748 | Lair:6   | Entered Level 6 of the Lair of Beasts
 22570 | Lair:6   | Found a large runed translucent door.
 23003 | Lair:6   | Reached skill level 5 in Poison Magic
 23177 | Lair:6   | Reached skill level 11 in Air Magic
 23363 | Lair:6   | Reached XP level 14. HP: 116/116 MP: 22/33
 23745 | Lair:6   | Found a large runed translucent door.
 24324 | D:12     | Noticed Sonja
 24326 | D:12     | Killed Sonja
 24638 | D:12     | Found a staircase to the Orcish Mines.
 25271 | D:13     | Noticed Rupert
 25280 | D:13     | Paralysed by Rupert for 7 turns
 25316 | D:13     | Killed Rupert
 25410 | D:13     | Noticed Frances
 25448 | D:13     | Killed Frances
 25773 | D:13     | Noticed Jorgrun
 26289 | D:13     | Found a gate to the Vaults.
 26296 | D:13     | Reached skill level 10 in Short Blades
 26854 | D:15     | Entered Level 15 of the Dungeon
 27022 | D:15     | Reached skill level 12 in Air Magic
 27129 | D:15     | Found a staircase to the Depths.
 28170 | D:13     | Killed Jorgrun
 28877 | Orc:1    | Entered Level 1 of the Orcish Mines
 29228 | Orc:2    | Entered Level 2 of the Orcish Mines
 29507 | Orc:2    | Reached XP level 15. HP: 55/126 MP: 27/35
 29709 | Orc:2    | Paralysed by an orc sorcerer for 2 turns
 29711 | Orc:2    | HP: 4/122 [orc knight (14)]
 29712 | Orc:2    | HP: 1/122 [orc high priest (5)]
 29712 | Orc:2    | Killed from afar by a smoke demon

Illustrated notes

Levels and vault maps discovered:
D:1:      kilobyte_arrival_exit_the_forest, layout_loops_ring, serial_shops,
          shop, nicolae_shop_window_shopping, nicolae_shop_window_shopping,
          shop, nicolae_shop_trees
D:2:      layout_basic, basic_altar, serial_forest,
          infiniplex_forest_straight_1, infiniplex_forest_clump_long,
          infiniplex_forest_end_1, infiniplex_forest_clump_small,
          infiniplex_forest_clump_double, infiniplex_forest_lined_corner,
          infiniplex_forest_zigzag_1, infiniplex_forest_clump_long,
          kennysheep_donut
D:3:      layout_rooms, serial_undead, serial_undead_c, serial_undead_e,
          serial_undead_e, serial_undead_d, uniq_terence, uniq_grinder,
          uniq_robin
D:4:      layout_basic, mainiacjoe_overflow_brackets, minivault_26,
          chequers_mini_garden, uniq_pikel
D:5:      layout_rooms, kennysheep_orc_sif_temple
D:6:      layout_basic, general_overflow_altar, okawaru_ov_weapons_minmay,
          serial_shops, shop, uniq_edmund
D:7:      layout_rooms, old_standard_altar, minmay_temple_entry_arrows,
          minmay_manual_mares
D:8:      layout_cave_pods, mainiacjoe_overflow_swirl,
          nicolae_overflow_hidden_temple, minivault_14,
          hellmonk_guarded_unrand_gyre_and_gimble
D:9:      layout_basic, mainiacjoe_overflow_boulevard,
          nicolae_yredelemnul_corpse_copse, serial_shops, shop
D:10:     layout_long_grid, mainiacjoe_overflow_six_doors_small,
          grunt_lair_entry_orc_guard_hut, gammafunk_ghost_stat_death,
          minmay_between, uniq_maggie
D:11:     layout_stronghold
D:12:     layout_loops_ring, hiddenorc2_lemuel, uniq_sonja
D:13:     layout_basic, david_vaults_1, uniq_rupert, uniq_frances, uniq_jorgrun
D:14:     layout_roguey, grunt_qazlal_clouds, item_on_display_a
D:15:     hangedman_depths_entry_civil_slaughter, layout_stronghold,
          hangedman_decor_peaks_small, nicolae_uskayaw_suspiria
Lair:1:   layout_regular_city
Lair:2:   layout_small_grid, minmay_shoals_entry_centaurs, serial_bayou_shore_a,
          grunt_megastairs_5
Lair:3:   layout_cave_pods, nicolae_spider_entry_non_spiders,
          minmay_stone_trees_medium, serial_bayou_lagoon_a, uniq_snorg
Lair:4:   nzn_winding_woodlands_medium [nzn_winding_woodlands_5x5_perimeter,
          nzn_winding_woodlands_5x15_garden, nzn_winding_woodlands_5x5_three,
          nzn_winding_woodlands_5x5_cross,
          nzn_winding_woodlands_center_diamonds,
          nzn_winding_woodlands_5x5_checkerboard,
          nzn_winding_woodlands_hourglass, nzn_winding_woodlands_5x15_jagged,
          nzn_winding_woodlands_5x5_default], layout_long_grid, basic_altar
Lair:5:   layout_loops_ring, minmay_slime_entry_pillars
Lair:6:   cheibrodos_lair_end_hotspot, layout_gridlike, minivault_26
Orc:1:    layout_diamond_mine, basic_altar
Orc:2:    grunt_orc_tribal_feast, layout_caves, enter_volcano_3

Skill      XL: |  1  2  3  4  5  6  7  8  9 10 11 12 13 14 |
---------------+-------------------------------------------+-----
Conjurations   | 1 2 3 4 |  4.5
Spellcasting   | 2 3 4 5 6 8 9 10 11 | 11.2
Air Magic      | 3 4 5 6 7 8 9 10 11 12 | 12.3
Fighting       | 1 2 3 4 5 6 7 8 9 |  9.7
Dodging        | 2 3 4 5 6 7 8 |  8.5
Stealth        | 2 4 |  4.4
Short Blades   | 2 3 4 6 8 9 10 | 10.1
Throwing       | 1 |  1.9
Transmutations | 1 3 4 5 6 7 |  7.9
Shields        | 1 2 |  2.5
Armour         | 2 3 |  3.2
Poison Magic   | 1 3 5 |  5.7
Maces & Flails | |  0.1
Unarmed Combat | |  0.8
Evocations     | |  0.9

Action                   |  1- 3 |  4- 6 |  7- 9 | 10-12 | 13-15 || total
-------------------------+-------+-------+-------+-------+-------++-------
Melee: Unarmed           |     5 |       |       |       |     9 ||    14
       Dagger            |       |    93 |   154 |     3 |       ||   250
       Demon whip        |       |       |     4 |     5 |       ||     9
       Pair of quick bla |       |       |       |   637 |   550 ||  1187
Throw: Dart              |       |     8 |     1 |     8 |    14 ||    31
 Cast: Shock             |   123 |    58 |   106 |       |       ||   287
       Static Discharge  |     1 |    12 |     6 |     6 |     7 ||    32
       Airstrike         |       |       |    72 |    79 |   241 ||   392
       Olgreb's Toxic Ra |       |       |       |     8 |    64 ||    72
       Storm Form        |       |       |       |       |     1 ||     1
 Abil: Blinkbolt         |       |       |       |       |     2 ||     2
Evoke: Wand              |       |       |       |     4 |     3 ||     7
       Box of beasts     |       |       |       |     1 |     2 ||     3
  Use: Potion            |     2 |     1 |     1 |       |     4 ||     8
       Scroll            |       |       |       |     9 |    13 ||    22
 Stab: Sleeping          |       |       |     1 |    12 |     3 ||    16
       Distracted        |       |       |       |     3 |     1 ||     4
Armor: Robe              |     2 |     8 |       |       |       ||    10
       Skin              |     1 |       |     2 |       |     2 ||     5
       Animal skin       |       |    51 |    52 |    17 |       ||   120
       Troll leather arm |       |       |       |   105 |   137 ||   242
Dodge: Dodged            |    19 |   111 |   119 |   245 |   279 ||   773
Block: Other             |       |       |    35 |    83 |     6 ||   124
       Reflection        |       |       |     1 |     4 |       ||     5

Table legend: (Time is in decaauts)
 A = Elapsed time spent in this place.
 B = Non-inter-level travel time spent in this place.
 C = Inter-level travel time spent in this place.
 D = Time resting spent in this place.
 E = Time spent auto-exploring this place.
 F = Levels seen in this place.
 G = Mean time per level.
                   A        B        C        D        E       F      G
               +--------+--------+--------+--------+--------+-----+--------+
         Total |  28959 |  27486 |   1473 |   3134 |  20460 |  23 | 1259.1 |
       Dungeon |  20262 |  19149 |   1113 |   2796 |  13822 |  15 | 1350.8 |
          Lair |   8070 |   7730 |    340 |    196 |   6485 |   6 | 1345.0 |
  Orcish Mines |    626 |    606 |     20 |    142 |    153 |   2 |  313.0 |
               +--------+--------+--------+--------+--------+-----+--------+

Top non-repeatable levels by time:
  Lair:6: 2309 daAuts
     D:1: 2104 daAuts
     D:8: 1812 daAuts
     D:4: 1809 daAuts
     D:2: 1774 daAuts
     D:6: 1766 daAuts
  Lair:4: 1545 daAuts
  Lair:3: 1356 daAuts
    D:11: 1295 daAuts
     D:5: 1208 daAuts
    D:15: 1204 daAuts
     D:7: 1121 daAuts
    D:12: 1101 daAuts
  Lair:2: 1099 daAuts
     D:9: 1083 daAuts
